 Dungeon Crawl Stone Soup version 0.30-a0-715-gdb4ae3ece1 (webtiles) character file.

Game seed: 11937675739987505562

467 bande the Covered (level 7, -7/43 HPs)
             Began as a Gargoyle Fighter on Jan 24, 2023.
             Killed by divine providence
             ... invoked by an orc priest
              (13 damage)
             ... on level 4 of the Dungeon.
             The game lasted 00:04:17 (3231 turns).

bande the Covered (Gargoyle Fighter)                Turns: 3231, Time: 00:04:18

Health: -7/43      AC: 18    Str: 20    XL:     7   Next: 8%
Magic:  7/7        EV:  7    Int:  8    God:
Gold:   207        SH:  4    Dex: 11    Spells: 6/6 levels left

rFire   . . .      SeeInvis .    a - +0 war axe
rCold   . . .      Faith    .    c - +0 buckler
rNeg    + . .      Spirit   .    o - +0 chain mail
rPois   ∞          Reflect  .    g - +0 helmet
rElec   +          Harm     .    e - +0 cloak
rCorr   .          Rampage  .    i - +0 pair of gloves
Will    .....                    (no boots) Stlth
                                 (no amulet)
HPRegen 0.27/turn                (no ring)
MPRegen 0.10/turn                (no ring)

@: no status effects
A: sickness immunity, AC +4, negative energy resistance 1, electricity
resistance, torment resistance 1, petrification resistance
a: no special abilities


You were on level 4 of the Dungeon.
You visited 1 branch of the dungeon, and saw 4 of its levels.

You collected 207 gold pieces.

Inventory:

Hand Weapons
 a - a +0 war axe (weapon)
 j - a +0 flail
Armour
 c - a +0 buckler (worn)
 e - a +0 cloak (worn)
 g - a +0 helmet (worn)
 i - a +0 pair of gloves (worn)
 o - a +0 chain mail (worn)
Wands
 n - a wand of charming (6)
Scrolls
 k - 2 scrolls of identify
 l - a scroll of blinking
Potions
 d - a potion of might
 f - a potion of haste
 h - 2 potions of mutation
 m - a potion of curing


   Skills:
 + Level 4.1 Fighting
 + Level 4.7 Axes
 + Level 5.3 Armour
 + Level 4.2 Shields
 * Level 0.7 Evocations


You had 6 spell levels left.
You didn't know any spells.
Your spell library was empty.

Dungeon Overview and Level Annotations

Branches:
Dungeon (4/15)
 Temple: D:4-7

Altars:


Innate Abilities, Weirdness & Mutations

You are immune to sickness and miasma.
Your stone body is resilient. (AC +4)
You are immune to poison.
You resist negative energy. (rN+)
You are resistant to electric shocks. (rElec)
You are resistant to unholy torment.
You are immune to petrification.


Message History

a +0 short sword; a +0 leather armour You slash the orc wizard!
The orc wizard is heavily wounded.
The orc wizard hits you but does no damage.
You barely miss the orc wizard.
The orc wizard is heavily wounded.
The orc wizard hits you but does no damage.
The orc hits you with a +0 short sword. The orc wizard barely misses you.
The orc wizard closely misses you.
You see here 13 gold pieces.
You slash the orc!
You kill the orc!
You barely miss the orc wizard. You slash the endoplasm!
You kill the endoplasm!
The orc wizard hits you with a +0 dagger of speed. x2
You see here a +0 short sword.
The orc wizard casts a spell at you. The magic dart hits you.
* * * LOW HITPOINT WARNING * * *
An orc priest comes into view. It is wielding a +0 mace.
The orc wizard closely misses you.
You slash the orc wizard!
You kill the orc wizard!
Things that are here:
a +0 dagger of speed; a +0 robe; an orc corpse You start resting.
An orc priest is nearby!
An orc priest is nearby!
An orc priest is nearby!
An orc priest is nearby!
The orc priest shouts!
Things that are here:
a +0 dagger of speed; a +0 robe; an orc corpse The orc priest invokes the aid of Beogh against you.
Beogh smites you!
* * * LOW HITPOINT WARNING * * *
You hit the orc priest but do no damage.
The orc priest calls down the wrath of Beogh upon you.
Beogh smites you!
You die...

##### ### #... ..#
############)#####
#.#
#.......).)$)....#
#.#
#.###.##.#.#.###.#
#.# #. #.....#
#.###.#### #.
#@....###........#
o.
#o............#..#
##
#.#.######.###)#.#
#.#.# #.##.###.
..#.# #.#.## ##
###+# #.##.###.
#.....#.#
####.#.## ##.###


You could see an orc priest.

Vanquished Creatures
  Sigmund (D:3)
  An ogre (D:4)
  A phantom (D:4)
  An iguana (D:4)
  An orc wizard (D:4)
  2 adders
  An ufetubus (D:4)
  3 dart slugs
  3 orcs (D:4)
  6 endoplasms
  3 giant cockroaches
  5 goblins
  6 hobgoblins
  8 jackals (D:1)
  2 quokkas
  8 ball pythons
  3 bats
  2 frilled lizards
  7 kobolds
  7 rats
71 creatures vanquished.

Notes
Turn   | Place    | Note
-------+----------+-------------------------------------------
     0 | D:1      | bande the Gargoyle Fighter began the quest for the Orb.
     0 | D:1      | Reached XP level 1. HP: 14/14 MP: 1/1
   108 | D:1      | Reached XP level 2. HP: 19/19 MP: 2/2
   380 | D:1      | Reached XP level 3. HP: 23/23 MP: 3/3
   626 | D:1      | Reached skill level 4 in Armour
  1115 | D:2      | Reached XP level 4. HP: 28/28 MP: 4/4
  1382 | D:2      | Found a faded altar of an unknown god.
  1735 | D:3      | Noticed Sigmund
  1751 | D:3      | Killed Sigmund
  1752 | D:3      | Reached XP level 5. HP: 10/33 MP: 5/5
  1752 | D:3      | Reached XP level 6. HP: 12/38 MP: 6/6
  2858 | D:4      | Reached skill level 5 in Armour
  3201 | D:4      | Reached XP level 7. HP: 22/43 MP: 7/7
  3231 | D:4      | Killed from afar by an orc priest

Illustrated notes

Levels and vault maps discovered:
D:1:      amcnicky_arrival_abandoned_market, layout_loops_ring,
          grunt_decor_arrowhead, st_stairs_1, nrook_uturn, kennysheep_crisscross
D:2:      layout_basic, ebering_ecumenical_altar_box,
          amcnicky_mini_corridor_feature
D:3:      layout_basic, dk_noncrumbling_3, uniq_sigmund
D:4:      layout_loops_corners

Skill      XL: |  1  2  3  4  5  6 |
---------------+-------------------+-----
Axes           | 2 3 4 |  4.7
Armour         | 4 5 |  5.3
Shields        | 4 |  4.2
Fighting       | 4 |  4.1
Evocations     | |  0.7

Action                     |  1- 3 |  4- 6 |  7- 9 || total
---------------------------+-------+-------+-------++-------
  Melee: War axe           |   128 |   104 |     6 ||   238
    Use: Scroll            |     3 |     4 |       ||     7
         Potion            |       |     1 |       ||     1
 Armour: Scale mail        |    80 |    59 |       ||   139
         Chain mail        |       |     3 |     2 ||     5
  Dodge: Dodged            |    85 |    48 |     3 ||   136
  Block: Buckler           |    33 |    21 |       ||    54

Table legend: (Time is in decaauts)
 A = Elapsed time spent in this place.
 B = Non-inter-level travel time spent in this place.
 C = Inter-level travel time spent in this place.
 D = Time resting spent in this place.
 E = Time spent auto-exploring this place.
 F = Levels seen in this place.
 G = Mean time per level.
                   A        B        C        D        E       F      G
               +--------+--------+--------+--------+--------+-----+--------+
         Total |   3328 |   3263 |     65 |    328 |   2276 |   4 |  832.0 |
       Dungeon |   3328 |   3263 |     65 |    328 |   2276 |   4 |  832.0 |
               +--------+--------+--------+--------+--------+-----+--------+

Top non-repeatable levels by time:
     D:3: 1143 daAuts
     D:1: 893 daAuts
     D:2: 707 daAuts
     D:4: 583 daAuts
